 Dungeon Crawl Stone Soup version 0.29.1-15-g9cfb28693d (webtiles) character file.

Game seed: 13280087631288137127

4177 redmage the Thaumaturge (level 10, -6/69 HPs)
             Began as a Meteoran Earth Elementalist on Sept 13, 2023.
             Was an Elder of Cheibriados.
             Mangled by a two-headed ogre
             ... wielding a +0 giant club
              (32 damage)
             ... on level 10 of the Dungeon.
             The game lasted 00:36:31 (2016 turns).

redmage the Thaumaturge (MeEE)                      Turns: 2016, Time: 00:36:32

Health: -6/69      AC:  4    Str: 20    XL:     10   Next: 82%
Magic:  20/25      EV: 17    Int: 31    God:    Cheibriados [****..]
Gold:   599        SH:  5    Dex: 27    Spells: 24/30 levels left

rFire   + . .      SeeInvis .   m - +1 whip (elec)
rCold   . . .      Faith    .   (no shield)
rNeg    . . .      Spirit   .   C - +0 troll leather armour
rPois   .          Reflect  +   (no helmet)
rElec   .          Harm     .   (no cloak)
rCorr   .          Rampage  .   (no gloves)
Will    +....                   (no boots)
Stlth   +.........              F - amulet of the Shimmering Gods {Reflect rF+ Int+2 Dex+3 SH+5}
HPRegen 1.01/turn               y - +4 ring of evasion
MPRegen 0.19/turn               (no ring)

@: glowing, very slow
A: sense surroundings 2, otherworldly, glowing, explore regen
a: Renounce Religion, Bend Time, Temporal Distortion, Slouch


You were on level 10 of the Dungeon.
You worshipped Cheibriados.
Cheibriados was greatly pleased with you.
You visited 2 branches of the dungeon, and saw 13 of its levels.
You also visited: Sewer and Bailey.

You collected 1362 gold pieces.
You spent 763 gold pieces at shops.

Inventory:

Hand Weapons
 l - a +4 halberd
 m - a +1 whip of electrocution (weapon)
 q - a +1 morningstar
Missiles
 h - a curare-tipped dart (quivered)
Armour
 C - a +0 troll leather armour (worn)
Jewellery
 f - a ring of fire
 y - a +4 ring of evasion (left hand)
 F - the amulet of the Shimmering Gods (around neck) {Reflect rF+ Int+2 Dex+3 SH+5}
   (You bought it in a shop on level 11 of the Dungeon)

   [amulet of reflection]

   It reflects blocked missile attacks.
   Int:       It affects your intelligence (+2).
   Dex:       It affects your dexterity (+3).
   rF:        It protects you from fire.
   SH:        It affects your SH (+5).
Wands
 a - a wand of flame (11)
 g - a wand of polymorph (7)
Scrolls
 d - a scroll of brand weapon
 i - a scroll of vulnerability {unknown}
 j - a scroll of teleportation
 o - a scroll of summoning {unknown}
 p - a scroll of poison {unknown}
 r - a scroll of butterflies
 u - a scroll of torment {unknown}
 v - 3 scrolls of enchant weapon
 w - 3 scrolls of fear
 E - a scroll of enchant armour
Potions
 b - a potion of magic
 c - a potion of mutation
 e - a potion of heal wounds
 k - a potion of attraction
 n - a potion of ambrosia
 s - a potion of flight {unknown}
 t - a potion of berserk rage
 x - a potion of brilliance
 z - a potion of resistance {unknown}
 A - a potion of haste
 B - a potion of lignification {unknown}
 D - a potion of curing {unknown}


   Skills:
 - Level 2.4 Dodging
 - Level 1.4 Stealth
 + Level 10.5 Spellcasting
 - Level 6.0 Conjurations
 - Level 1.2 Transmutations
 - Level 10.0 Earth Magic
 + Level 9.6 Invocations


You had 24 spell levels left.
You knew the following spells:

 Your Spells              Type           Power      Damage    Failure   Level
a - Sandblast             Erth           100%       2d20      1%          1
b - Passwall              Tmut/Erth      41%        N/A       1%          2
c - Stone Arrow           Conj/Erth      100%       3d13      1%          3

Your spell library contained the following spells:

 Spells                   Type           Power      Damage    Failure   Level
 Necrotise                Necr           64%        1d7       3%          1
 Petrify                  Tmut/Erth      50%        N/A       3%          4
 Confusing Touch          Hex            16%        N/A       11%         3
 Vampiric Draining        Necr           16%        2d7       11%         3
 Yara's Violent Unravell  Hex/Tmut       10%        3d6       61%         5
 Agony                    Necr           16%        N/A       71%         5
 Enfeeble                 Hex            8%         N/A       100%        7


Dungeon Overview and Level Annotations

Branches:
Dungeon (12/15) Zot: 8376    Lair (1/5) D:9 Zot: 898     Orc (0/2) D:11
  Sewer (visited)          Bailey (visited)
 Temple: D:4-7

Altars:
Cheibriados
Gozag
Nemelex Xobeh
Yredelemnul
The Shining One

Shops:
D:11 =


Innate Abilities, Weirdness & Mutations

You passively map the area around you.
You are easily found by Zot.
You glow in the dark.
You regain HP and MP as you explore.


Message History

Unknown command.
You drop an amulet of reflection.
There is a stone staircase leading down here.
You climb downwards.
You feel a wave of frost pass over you.
There is an entrance to an ice cave on this level.
Hurry and find it before the portal melts!
There is a stone staircase leading up here.
You climb upwards.
There is a stone staircase leading down here.
You open the door.
Found a glowing lead wand.
There is an open door here.
Found a battleaxe.
Found 6 atropa-tipped darts.
Found a staircase to the Orcish Mines.
Found a stone staircase leading up.
a - a wand of flame (11)
There is a stone staircase leading up here.
You climb upwards.
The two-headed ogre shouts in stereo!
There is a stone staircase leading down here.
Okay, then.
Casting: Sandblast (safe; 1% risk of failure)
Confirm with . or Enter, or press ? or * to list all spells.
Aiming: Stone Arrow (safe; 1% risk of failure)
Press: ? - help, Shift-Dir - straight line, f - two-headed ogre
Aim: a two-headed ogre, wielding two +0 giant clubs (89% to hit)
The stone arrow hits the two-headed ogre!
The two-headed ogre is lightly wounded.
The two-headed ogre hits you with a +0 giant club!
The two-headed ogre hits you with a +0 giant club!!
Unknown command.
Casting: Stone Arrow (safe; 1% risk of failure)
Confirm with . or Enter, or press ? or * to list all spells.
Aiming: Stone Arrow (safe; 1% risk of failure)
Press: ? - help, Shift-Dir - straight line, f/p - two-headed ogre
Aim: a two-headed ogre, wielding two +0 giant clubs (lightly wounded, 89% to hit)
The stone arrow hits the two-headed ogre!!
The two-headed ogre is heavily wounded.
The two-headed ogre hits you with a +0 giant club!!
You die...

.......####...##.##
** ......##
*#.###.# .....##
*####.## #...##
.....# ##+##
*#.#..# * * **
*#....# , , ,,
#....# ,, , ,
#.O..# ,,, * #..@.#
, #.......# ,
#####.### , , ,.. *
, ### * *


You could see a two-headed ogre.

Vanquished Creatures
  An orc knight (Bailey)
  An unseen horror (D:10)
  4 trolls
  An acid dragon (D:11)
  A water moccasin (D:7)
  4 orc warriors
  A centaur (D:8)
  2 kobold brigands (Sewer)
  A bullfrog (D:6)
  7 wights
  11 killer bees
  3 howler monkeys (D:9)
  A hound (D:5)
  A jelly (D:7)
  A gnoll bouda (D:8)
  4 orc priests
  3 iguanas
  4 orc wizards
  24 gnolls
  3 river rats (Sewer)
  8 adders
  A shadow imp (D:7)
  A white imp (D:7)
  2 worms
  A dart slug (D:2)
  18 orcs
  A ball python (Sewer)
  2 endoplasms
  2 giant cockroaches
  11 goblins
  12 hobgoblins
  6 jackals
  A quokka (D:4)
  A bat (D:2)
  2 frilled lizards
  7 kobolds
  4 rats
158 creatures vanquished.

Vanquished Creatures (others)
  7 plants (Sewer)
7 creatures vanquished.

Grand Total: 165 creatures vanquished

Notes
Turn   | Place    | Note
-------+----------+-------------------------------------------
     0 | D:1      | redmage the Meteoran Earth Elementalist began the quest for
                  | the Orb.
     0 | D:1      | Reached XP level 1. HP: 14/14 MP: 5/5
    22 | D:2      | Reached XP level 2. HP: 20/20 MP: 0/7
    72 | D:2      | Reached XP level 3. HP: 22/26 MP: 6/8
    77 | D:2      | Reached XP level 4. HP: 29/33 MP: 2/10
    97 | D:2      | Learned a level 2 spell: Passwall
   101 | D:2      | Learned a level 3 spell: Stone Arrow
   258 | D:5      | Entered Level 5 of the Dungeon
   285 | D:4      | Reached skill level 1 in Conjurations
   285 | D:4      | Reached skill level 5 in Earth Magic
   285 | D:4      | Reached XP level 5. HP: 23/38 MP: 7/12
   309 | D:4      | Found a glowing drain.
   323 | Sewer    | Entered a sewer
   333 | Sewer    | Noticed a kobold brigand
   344 | Sewer    | Killed a kobold brigand
   345 | Sewer    | Reached XP level 6. HP: 36/45 MP: 9/14
   380 | Sewer    | Reached skill level 5 in Spellcasting
   461 | Sewer    | Reached XP level 7. HP: 43/50 MP: 13/16
   569 | D:4      | Found a snail-covered altar of Cheibriados.
   574 | D:4      | Became a worshipper of Cheibriados the Contemplative
   663 | D:5      | Reached skill level 1 in Invocations
   734 | D:5      | Reached XP level 8. HP: 55/57 MP: 13/18
   782 | D:5      | Reached * piety under Cheibriados
   836 | D:6      | Reached skill level 5 in Conjurations
  1046 | D:7      | Gained mutation: You passively map the area around you.
                  | [Meteoran growth]
  1046 | D:7      | Reached XP level 9. HP: 62/62 MP: 13/20
  1102 | D:7      | Found a sparkling altar of Nemelex Xobeh.
  1102 | D:7      | Found an opulent altar of Gozag.
  1108 | D:7      | Found a glowing golden altar of the Shining One.
  1212 | D:8      | Found a flagged portal.
  1216 | D:8      | Reached ** piety under Cheibriados
  1253 | Bailey   | Entered a bailey
  1295 | Bailey   | Reached skill level 5 in Invocations
  1347 | Bailey   | Noticed an orc knight
  1352 | Bailey   | Killed an orc knight
  1407 | Bailey   | Reached *** piety under Cheibriados
  1426 | Bailey   | Noticed an orc warlord
  1450 | D:8      | Identified a scroll of acquirement
  1450 | D:8      | Acquired 1051 gold pieces
  1539 | D:9      | Reached XP level 10. HP: 69/69 MP: 19/23
  1603 | D:10     | Entered Level 10 of the Dungeon
  1616 | D:10     | Found a basalt altar of Yredelemnul.
  1669 | D:10     | Reached **** piety under Cheibriados
  1713 | D:9      | Reached skill level 10 in Earth Magic
  1777 | D:9      | Found a staircase to the Lair.
  1793 | Lair:1   | Entered Level 1 of the Lair of Beasts
  1934 | D:10     | Killed an unseen horror
  1935 | D:10     | Reached skill level 10 in Spellcasting
  1954 | D:11     | Found Weoloown's Jewellery Shop.
  1966 | D:11     | Bought the amulet of the Shimmering Gods {Reflect rF+ Int+2
                  | Dex+3 SH+5} for 763 gold pieces
  2003 | D:11     | Found a staircase to the Orcish Mines.
  2014 | D:10     | Noticed a two-headed ogre
  2016 | D:10     | Mangled by a two-headed ogre

Illustrated notes

Levels and vault maps discovered:
D:1:      saegor_arrival_simple_d, layout_basic,
          hellmonk_ecumenical_altar_leap_of_faith
D:2:      layout_basic
D:3:      layout_basic
D:4:      layout_basic, kennysheep_mini, minmay_temple_entry_overgrown,
          gup_sewer_entry_glass, amcnicky_mini_rare_corridor_liquid,
          kennysheep_another_room
D:5:      layout_loops_cross, mainiacjoe_overflow_24_doors
D:6:      layout_loops_ring, nicolae_hepliaklqana_hippocampus,
          lemuel_flamethrower_2, uniq_pikel
D:7:      layout_cave_pods, grunt_temple_overflow_open,
          ebering_ghost_reflecting_pool
D:8:      layout_basic, nicolae_uskayaw_dance_studio, enter_bailey_3,
          uniq_amaemon
D:9:      layout_basic, lair_entry_dummy
D:10:     layout_loops_corners, mainiacjoe_overflow_six_doors_small,
          gammafunk_temple_overflow_arena, enter_trove_6, special_room
          [special_room_orc], chequers_big_river
D:11:     layout_basic, orc_0_dummy, minmay_shop_enchanted_jewellery,
          kennysheep_generic_room_3
D:12:     layout_loops_ring, portal_ice_cave_entry_pillars_1, uniq_maurice
Lair:1:   layout_cave_pods, grunt_megastairs_3, lemuel_fruit_tree

Skill      XL: |  1  2  3  4  5  6  7  8  9 10 |
---------------+-------------------------------+-----
Spellcasting   | 3 4 5 6 7 8 10 | 10.5
Earth Magic    | 4 5 6 7 9 10 | 10.0
Conjurations   | 1 2 3 4 5 6 |  6.0
Invocations    | 1 4 6 9 |  9.6
Dodging        | |  2.4
Stealth        | |  1.4
Transmutations | |  1.2

Action                   |  1- 3 |  4- 6 |  7- 9 | 10-12 || total
-------------------------+-------+-------+-------+-------++-------
Melee: Unarmed           |     4 |     1 |       |       ||     5
       Whip              |       |       |     3 |       ||     3
       Spear             |       |       |     1 |       ||     1
       Halberd           |       |       |    28 |       ||    28
Throw: Dart              |       |       |     1 |       ||     1
 Cast: Sandblast         |    17 |    57 |    92 |    14 ||   180
       Passwall          |       |     5 |     4 |     3 ||    12
       Stone Arrow       |       |       |    47 |    31 ||    78
Evoke: Wand              |       |       |       |     1 ||     1
  Use: Scroll            |       |     1 |    13 |     2 ||    16
       Potion            |       |       |     1 |     2 ||     3
Armor: Robe              |     4 |     5 |     6 |     3 ||    18
       Troll leather arm |       |       |       |     3 ||     3
Dodge: Dodged            |     8 |    12 |    65 |    27 ||   112
Block: Other             |       |       |       |     2 ||     2
